[Event "*** Titled Tuesday Blitz"]
[Site "Chess.com"]
[Date "2020.04.07"]
[Round "4"]
[White "Oleg_Papayan"]
[Black "TomasKapitanchuk"]
[Result "1-0"]
[WhiteElo "2340"]
[BlackElo "2483"]
[TimeControl "180+1"]
[EndTime "13:40:27 PDT"]
[Termination "Oleg_Papayan won by resignation"]

1. e4 c5 2. Nf3 e6 3. d4 cxd4 4. Nxd4 Nc6 5. Nc3 Qc7 6. Nb3 Nf6 7. Qf3 a6 8. Bg5 Be7 9. O-O-O O-O 10. Qg3 Qxg3 11.
hxg3 b5 12. f3 b4 13. Na4 d6 14. Nb6 Rb8 15. Nxc8 Rfxc8 16. Bxa6 Rc7 17. Be2 Ra7 18.
Kb1 Rba8 19. Nc1 d5 20. Be3 Rb7 21. Nb3 dxe4 22. fxe4 Nxe4 23. Bf3 f5 24. Rhe1 Rc8 25. Bc1 Bf6 26. Bxe4 fxe4 27. Rxe4 Kf7 28. g4 h6 29.
Rxe6 Kxe6 30. Nc5+ Ke7 31. Nxb7 Ne5 32. Nd6 Rc6 33.
Nf5+ Kf7 34. Rd4 Nc4 35. Rxc4 1-0

[Event "*** Titled Tuesday Blitz"]
[Site "Chess.com"]
[Date "2020.04.07"]
[Round "4"]
[White "ChadaevNikolay"]
[Black "1977Ivan"]
[Result "1-0"]
[WhiteElo "2913"]
[BlackElo "2728"]
[TimeControl "180+1"]
[EndTime "13:40:28 PDT"]
[Termination "ChadaevNikolay won by resignation"]

1. e4 d6 2. d4 Nf6 3. Nc3 e5 4. Nf3 Nbd7 5. Bc4 Be7 6. O-O O-O 7. Re1 c6 8. a4 h6 9. h3 Re8 10. a5 exd4 11. Qxd4 Ne5 12. Be2 Be6 13. Bf4 Ng6 14. Bh2 d5 15. a6 dxe4 16. axb7 exf3 17. Qxd8 Raxd8 18. Bxf3 Nd5 19. Nxd5 cxd5 20. c4 Nh4 21.
Bxd5 Bxd5 22. cxd5 Kf8 23. d6 Bf6 24. Rxe8+ Kxe8 25. d7+ Kxd7 26. Rd1+ Kc6 27. Rxd8 Kxb7 28. Rd7+ Ka6 29. Bb8 Nf5 30. Rxa7+ Kb6 31. Rxf7 Nd4 32.
f4 Nc6 33. Bd6 Bxb2 34. Bf8 Bd4+ 35. Kh2 g5 36. Bxh6 1-0

[Event "*** Titled Tuesday Blitz"]
[Site "Chess.com"]
[Date "2020.04.07"]
[Round "4"]
[White "Oleksandr_Bortnyk"]
[Black "JonahWillow"]
[Result "1-0"]
[WhiteElo "2994"]
[BlackElo "2775"]
[TimeControl "180+1"]
[EndTime "13:40:29 PDT"]
[Termination "Oleksandr_Bortnyk won by resignation"]

1. e4 c5 2. c3 Nf6 3. e5 Nd5 4.
d4 cxd4 5. Nf3 Nc6 6. cxd4 g6 7.
Nc3 Nxc3 8. bxc3 Bg7 9. h4 d6 10. exd6 Qxd6 11. h5 Bg4 12. h6 Bf6 13. Be2 O-O 14.
Be3 Rfd8 15. O-O Rac8 16. Rb1 b6 17. Nd2 Bxe2 18. Qxe2 Na5 19. Rfc1 Qe6 20. Qa6 Rc7 21.
Bf4 Rcd7 22. Re1 Qxa2 23. Rb5 Qc2 24. Ne4 Bh8 25. Be5 f6 26. Rxa5 fxe5 27. Qc4+ Kf8 28. Ng5 e6 29. Nxe6+ Ke7 30. Ra2 Qf5 31. Nxd8 Rxd8 32.
Rxa7+ Rd7 33. Qb4+ Kf7 34. Rxd7+ Qxd7 35. dxe5 Qe6 36.
Qd6 Qxd6 37. exd6 Bxc3 38. Re7+ Kf8 39. Re6 Kf7 40. d7 1-0

[Event "*** Titled Tuesday Blitz"]
[Site "Chess.com"]
[Date "2020.04.07"]
[Round "4"]
[White "temus_galaktionov"]
[Black "Sam_ChessMood"]
[Result "0-1"]
[WhiteElo "2742"]
[BlackElo "2923"]
[TimeControl "180+1"]
[EndTime "13:40:29 PDT"]
[Termination "Sam_ChessMood won by resignation"]

1. d4 Nf6 2. Nf3 d5 3. c4 e6 4. Nc3 Be7 5. Bf4 O-O 6. e3 c5 7. dxc5 Bxc5 8. cxd5 Nxd5 9. Nxd5 exd5 10. a3 Nc6 11. Bd3 Bb6 12. O-O Qf6 13. Qc2 h6 14. Bg3 Bg4 15. Be2 Rac8 16. Qd2 Rfd8 17. h3 Bxf3 18.
Bxf3 d4 19. e4 Ne5 20. Bxe5 Qxe5 21. Qd3 h5 22. Rac1 h4 23. Bg4 Rxc1 24. Rxc1 g6 25. Bd1 Re8 26. Bf3 Kg7 27. b4 Re7 28. Rc2 a6 29. Rc1 Rd7 30. Bg4 Re7 31. Bf3 Ba7 32. Kf1 Qh2 33. Re1 Rc7 34. e5 Rc3 35. Qd2 d3 36. g4 hxg3 37. Bg2 gxf2 0-1

[Event "*** Titled Tuesday Blitz"]
[Site "Chess.com"]
[Date "2020.04.07"]
[Round "4"]
[White "manmanlai1"]
[Black "canwedoit"]
[Result "0-1"]
[WhiteElo "2309"]
[BlackElo "2626"]
[TimeControl "180+1"]
[EndTime "13:40:29 PDT"]
[Termination "canwedoit won by resignation"]

1. e4 c5 2. Nf3 Nc6 3. Bb5 g6 4. Bxc6 dxc6 5. d3 Bg7 6. h3 Nf6 7. Nc3 Nd7 8. Be3 e5 9. Qd2 h6 10. O-O b6 11. Nh2 Nf8 12. f4 exf4 13. Bxf4 Ne6 14.
Bg3 Qg5 15. Qe1 Nd4 16. Rc1 c4 17. dxc4 Qc5 18. Kh1 Qxc4 19. Bd6 Be6 20. e5 O-O-O 21. Nf3 Nxf3 22. Rxf3 Rhe8 23. Rd1 Bf5 24. Qg3 Be6 25. Rf4 Qa6 26. Ra4 Qb7 27. Ne2 c5 28. Re1 Bd7 29. Rh4 Bc6 30. Nc3 Bxg2+ 31. Qxg2 Qxg2+ 32. Kxg2 Rxd6 33. Nb5 Rd2+ 34. Kf3 a6 35. Nd6+ 0-1

[Event "*** Titled Tuesday Blitz"]
[Site "Chess.com"]
[Date "2020.04.07"]
[Round "4"]
[White "sandromareco"]
[Black "Shahinyan_ChessMood"]
[Result "0-1"]
[WhiteElo "2889"]
[BlackElo "2678"]
[TimeControl "180+1"]
[EndTime "13:40:30 PDT"]
[Termination "Shahinyan_ChessMood won by resignation"]

1. Nf3 d5 2. c4 d4 3. b4 g5 4. h3 Bg7 5. d3 e5 6. Bxg5 Ne7 7.
g3 h6 8. Bd2 O-O 9. Bg2 f5 10.
Na3 e4 11. Nh4 e3 12. fxe3 dxe3 13. Bxe3 Qd6 14. O-O Bxa1 15. Qxa1 Qxg3 16. Bf2 Qg7 17. Qxg7+ Kxg7 18. Nb5 Na6 19. a3 Kh7 20. Kh2 c6 21. Nd6 Rf6 22. c5 Ng6 23. Nf3 Nc7 24. Bd4 Rf8 25.
Nd2 Rb8 26. N2c4 Be6 27. Na5 Bd5 28. Ndxb7 Bxg2 29. Kxg2 Rg8 30. Kh2 Ne6 31. Be3 f4 32.
Bd2 Nd4 33. Nd6 Rbf8 34. Rf2 Nh4 35. Bc3 Nxe2 36. Be5 f3 37. Ne4 Rg2+ 0-1

[Event "*** Titled Tuesday Blitz"]
[Site "Chess.com"]
[Date "2020.04.07"]
[Round "4"]
[White "pooh2012"]
[Black "lelya96"]
[Result "1-0"]
[WhiteElo "2461"]
[BlackElo "2265"]
[TimeControl "180+1"]
[EndTime "13:40:31 PDT"]
[Termination "pooh2012 won by resignation"]

1. Nf3 c5 2. c4 d6 3. Nc3 Nc6 4.
a3 e5 5. d3 g6 6. h4 Bg7 7. h5 Be6 8. Rb1 Nf6 9. h6 Bf8 10.
b4 Nd4 11. Bg5 Nxf3+ 12. gxf3 Be7 13. bxc5 dxc5 14. Rxb7 Qa5 15. Qd2 Qxa3 16. Bg2 Bc8 17. Rxe7+ Kxe7 18. Nd5+ Kd6 19. Bxf6 Qa1+ 20. Qd1 Qxd1+ 21.
Kxd1 Re8 22. Kc2 Rb8 23. Ra1 a6 24. e3 Bb7 25. f4 exf4 26. Nxf4 Bxg2 27. Nxg2 Rb6 28.
Nf4 Ra8 29. Nd5 Rb7 30. f4 a5 31. Nc3 Ke6 32. Ne4 Rc7 33. Be5 Rc6 34. Ng5+ Kf5 35. e4+ Kg4 36. Nxh7 a4 37. Nf6+ Kf3 38. h7 Ke2 39.
Ng8 a3 40. h8=Q a2 41. Qh2+ 1-0

[Event "*** Titled Tuesday Blitz"]
[Site "Chess.com"]
[Date "2020.04.07"]
[Round "4"]
[White "TregubovP"]
[Black "SHIVACalypso"]
[Result "1-0"]
[WhiteElo "2458"]
[BlackElo "2213"]
[TimeControl "180+1"]
[EndTime "13:40:31 PDT"]
[Termination "TregubovP won by resignation"]

1. e4 e6 2. d4 d5 3. exd5 exd5 4.
Nf3 Nf6 5. Bd3 Bd6 6. Qe2+ Qe7 7.
Qxe7+ Kxe7 8. O-O Re8 9. Re1+ Kf8 10. Rxe8+ Kxe8 11. Bg5 Ne4 12. Bh4 Nc6 13. Nbd2 f5 14.
c3 h6 15. Re1 g5 16. Bg3 f4 17. Nxe4 dxe4 18. Bxe4 Kf8 19. b4 fxg3 20. hxg3 Ne7 21. a4 c6 22. b5 Bf5 23. Bxf5 Nxf5 24. bxc6 bxc6 25. g4 Ng7 26. Kf1 Re8 27. Rb1 Rb8 28.
Rxb8+ Bxb8 29. Ke2 Ke7 30. Kd3 Ne6 31. Ke4 Kf6 32.
g3 Nc7 33. Ne5 Na6 34. Nxc6 Ke6 35. c4 Bc7 36. Nxa7 Ba5 37. Nc6 Be1 38. f4 Bxg3 39. f5+ Kd7 40. Ne5+ Bxe5 41. Kxe5 Ke7 42. a5 Nb4 43. d5 Nd3+ 44. Kd4 Nb4 45. c5 Kd7 46. c6+ Kd6 47. f6 h5 48. f7 Ke7 49. c7 1-0

[Event "*** Titled Tuesday Blitz"]
[Site "Chess.com"]
[Date "2020.04.07"]
[Round "4"]
[White "almo64"]
[Black "LyonBeast"]
[Result "0-1"]
[WhiteElo "2661"]
[BlackElo "2997"]
[TimeControl "180+1"]
[EndTime "13:40:32 PDT"]
[Termination "LyonBeast won on time"]

1. e4 e5 2. Nf3 Nc6 3. d4 exd4 4. Nxd4 Nf6 5. Nc3 Bb4 6. Nxc6 bxc6 7. Bd3 O-O 8. O-O Re8 9. Bg5 h6 10. Bh4 d6 11. f4 Rb8 12. Kh1 Bb7 13. e5 dxe5 14. fxe5 Rxe5 15. Bxf6 gxf6 16. Qg4+ Rg5 17. Qe4 Rg7 18.
Qh4 f5 19. Qxd8+ Rxd8 20. Rxf5 c5 21. Rf2 c4 22. Bxc4 Bc5 23. Re2 Rg4 24. Bd3 Bd4 25.
Rd1 Kg7 26. Rf1 Re8 27. Rd2 Be3 28. Re2 Bb6 29. Rd2 Re5 30. h3 Rh5 31. Kh2 Bd4 32.
Re2 Be5+ 33. Kg1 Rxh3 0-1

[Event "*** Titled Tuesday Blitz"]
[Site "Chess.com"]
[Date "2020.04.07"]
[Round "4"]
[White "SamuelGhimpu2003"]
[Black "GHANDEEVAM2003"]
[Result "0-1"]
[WhiteElo "2683"]
[BlackElo "2969"]
[TimeControl "180+1"]
[EndTime "13:40:32 PDT"]
[Termination "GHANDEEVAM2003 won by resignation"]

1. Nf3 d6 2. d4 g6 3. g3 Bg7 4. Bg2 Nf6 5. O-O O-O 6. c4 c5 7.
Nc3 Nc6 8. d5 Na5 9. Nd2 a6 10. e4 b5 11. Qe2 Rb8 12. Rb1 Bg4 13. f3 Bd7 14. b3 e6 15. Bb2 exd5 16. cxd5 Re8 17. Qd3 Qc7 18. Rfc1 c4 19. bxc4 bxc4 20. Qc2 Nh5 21. Kh1 f5 22. Nd1 fxe4 23. Nxe4 Bf5 24. Bxg7 Qxg7 25. Ne3 Bxe4 26. fxe4 Qd4 27. Nd1 Nf6 28.
Rxb8 Rxb8 29. Qc3 Qxc3 30. Nxc3 Rb2 31. e5 dxe5 32. d6 Rd2 33. Rd1 Rxd1+ 34. Nxd1 Kf7 35.
Bh3 Nb7 36. Bc8 Nxd6 37. Bxa6 Nd5 38. Kg2 Nc7 39. Bxc4+ Nxc4 40. Nc3 Ke6 41. Kf3 Nd5 42. Ne4 h5 43. g4 hxg4+ 44. Kg3 Kf5 0-1

[Event "*** Titled Tuesday Blitz"]
[Site "Chess.com"]
[Date "2020.04.07"]
[Round "4"]
[White "quesfr"]
[Black "Enriquack"]
[Result "0-1"]
[WhiteElo "2185"]
[BlackElo "2421"]
[TimeControl "180+1"]
[EndTime "13:40:32 PDT"]
[Termination "Enriquack won on time"]

1. e4 c5 2. c3 d5 3. exd5 Qxd5 4. d4 Nf6 5. Nf3 Nc6 6. Be2 e6 7. O-O cxd4 8. cxd4 Be7 9. Nc3 Qd6 10. Nb5 Qb8 11. g3 Nd5 12. Bc4 a6 13. Bxd5 axb5 14. Bb3 O-O 15. Qe2 Rd8 16. Qxb5 Ra7 17. Be3 Ra5 18. Qe2 b6 19. Rac1 Nb4 20. a3 Nd5 21. Ne5 Bb7 22. Qh5 g6 23. Qh3 Nxe3 24. fxe3 Rxe5 25. dxe5 Qxe5 26.
Rce1 Rd2 27. Rf2 Rxf2 28. Kxf2 Qxb2+ 29. Re2 Qxb3 30. Qg4 Qd5 31. Qd4 Qxd4 32. exd4 Bxa3 33. Ra2 Be7 34. Ra7 Bf6 35. Rxb7 Bxd4+ 36. Ke2 h5 37. Kd3 Bc5 38. Ke4 Kg7 39. h3 Kf6 40. g4 hxg4 41.
hxg4 g5 42. Kf3 Kg6 43. Ke4 f5+ 0-1

[Event "*** Titled Tuesday Blitz"]
[Site "Chess.com"]
[Date "2020.04.07"]
[Round "4"]
[White "ecwinslow"]
[Black "Blitzking642"]
[Result "0-1"]
[WhiteElo "2164"]
[BlackElo "2405"]
[TimeControl "180+1"]
[EndTime "13:40:33 PDT"]
[Termination "Blitzking642 won by resignation"]

1. e4 c5 2. Nf3 Nc6 3. d4 cxd4 4.
Nxd4 g6 5. c4 Bg7 6. Be3 Nf6 7.
Nc3 O-O 8. Be2 d6 9. Qd2 Bd7 10. f3 Nxd4 11. Bxd4 a5 12. h4 h5 13. g4 hxg4 14.
h5 e5 15. Be3 gxh5 16. Bg5 Be6 17. fxg4 Qb6 18. gxh5 Qd4 19. h6 Bh8 20. O-O-O Qxd2+ 21. Rxd2 Kh7 22. Rxd6 Rfc8 23. b3 a4 24. Kb2 axb3 25.
axb3 Rg8 26. Rg1 Rg6 27. Be3 Rxg1 28. Bxg1 Rg8 29. Bh2 Rg2 30. Bxe5 Nxe4 31. Bxh8 Kxh8 32. Rd8+ Kh7 33. Kc1 Nxc3 34. Bd3+ Kxh6 35. Rh8+ Kg7 36. Rh7+ Kf6 37. Rh6+ Ke7 38. Rh3 Na2+ 0-1

[Event "*** Titled Tuesday Blitz"]
[Site "Chess.com"]
[Date "2020.04.07"]
[Round "4"]
[White "NMZanette"]
[Black "JacekDubiel"]
[Result "0-1"]
[WhiteElo "2159"]
[BlackElo "2423"]
[TimeControl "180+1"]
[EndTime "13:40:33 PDT"]
[Termination "JacekDubiel won by resignation"]

1. e4 c5 2. Nf3 Nf6 3. e5 Nd5 4. c3 e6 5. g3 d6 6. Bg2 Nc6 7.
exd6 Bxd6 8. d4 O-O 9. O-O b6 10. Nbd2 cxd4 11. Nxd4 Nxd4 12. cxd4 Ba6 13. Re1 Rc8 14. Ne4 Nb4 15. Nxd6 Qxd6 16. Be4 Rfd8 17. Be3 f5 18. Bb1 Bb7 19. f3 e5 20. Bxf5 Rc7 21. dxe5 Qe7 22. Qe2 g6 23. Be4 Bxe4 24. fxe4 Qxe5 25.
Bf4 Qd4+ 26. Kh1 Rc2 27. Qe3 Qxb2 28. Qb3+ Qxb3 29. axb3 a5 30. e5 Nd3 31. Red1 Nf2+ 32. Kg1 Rxd1+ 0-1

[Event "*** Titled Tuesday Blitz"]
[Site "Chess.com"]
[Date "2020.04.07"]
[Round "4"]
[White "SavelievAlexei"]
[Black "hedgehog280"]
[Result "1/2-1/2"]
[WhiteElo "2429"]
[BlackElo "2640"]
[TimeControl "180+1"]
[EndTime "13:40:34 PDT"]
[Termination "Game drawn by repetition"]

1. e4 c6 2. d4 d5 3. exd5 cxd5 4. Bd3 Nc6 5. c3 Nf6 6. Bf4 g6 7. Nd2 Bf5 8. Bxf5 gxf5 9. Ngf3 e6 10. Ne5 Nxe5 11. Bxe5 Bd6 12. Nf3 Rg8 13. g3 Ne4 14.
Bxd6 Qxd6 15. Ne5 Qe7 16. Qa4+ Kf8 17. f3 Nf6 18. O-O-O Ne8 19. g4 Nd6 20. h4 f6 21.
Nd7+ Kf7 22. Nc5 fxg4 23. Rde1 b6 24. Nxe6 Ne4 25. fxe4 Qxe6 26. exd5 Qxd5 27. Qc2 Rg7 28. Rhf1 g3 29. Rf5 Qc6 30. Qb3+ Kg6 31. Qc2 Kf7 32.
Qb3+ Kg6 33. Qc2 Kf7 1/2-1/2

[Event "*** Titled Tuesday Blitz"]
[Site "Chess.com"]
[Date "2020.04.07"]
[Round "4"]
[White "UCantHandleDenker"]
[Black "AndrewDGreen"]
[Result "1-0"]
[WhiteElo "2506"]
[BlackElo "2321"]
[TimeControl "180+1"]
[EndTime "13:40:34 PDT"]
[Termination "UCantHandleDenker won on time"]

1. Nf3 c5 2. g3 g6 3. Bg2 Bg7 4. O-O Nc6 5. d3 d6 6. e4 e5 7. c3 Nge7 8. a3 O-O 9. b4 a6 10. Nbd2 b6 11. Rb1 h6 12. Nc4 b5 13. Ne3 Be6 14.
Nh4 Rc8 15. Re1 Qd7 16. Nd5 f5 17. c4 Bxd5 18. cxd5 Nd4 19. Bb2 cxb4 20. axb4 f4 21. Bxd4 exd4 22. Ra1 g5 23. Nf5 Nxf5 24. exf5 Qxf5 25.
Be4 Qf7 26. Ra2 Kh8 27. Qg4 fxg3 28. hxg3 Rce8 29. Kg2 Re5 30. f3 Rxd5 31. Rxa6 Re5 32. Rxd6 Qe7 33. Rd7 Qf6 34. Rc1 Re7 35. Rcc7 Rxd7 36.
Qxd7 Rd8 37. Rc8 Rxc8 38. Qxc8+ Qf8 39. Qd7 Qxb4 40. Qe8+ Qf8 41. Qg6 1-0

[Event "*** Titled Tuesday Blitz"]
[Site "Chess.com"]
[Date "2020.04.07"]
[Round "4"]
[White "letantha"]
[Black "ChristianAlm"]
[Result "0-1"]
[WhiteElo "2137"]
[BlackElo "2400"]
[TimeControl "180+1"]
[EndTime "13:40:34 PDT"]
[Termination "ChristianAlm won by resignation"]

1. e4 c5 2. c3 d5 3. exd5 Qxd5 4.
d4 cxd4 5. cxd4 Nf6 6. Nc3 Qd8 7. Nf3 e6 8. Bd3 Be7 9. O-O O-O 10. Bg5 Nc6 11. Rc1 a6 12. Bb1 h6 13. Bh4 Nd5 14. Bg3 Bf6 15. Ne4 g6 16. a3 Bg7 17. Qd2 Nf6 18.
Rfd1 Nxe4 19. Bxe4 Bd7 20. d5 exd5 21. Qxd5 Be6 22. Qxd8 Rfxd8 23. Rxd8+ Rxd8 24. b4 Bb2 25. Rb1 Bxa3 26. h4 f5 27. Bxc6 bxc6 28. Ne5 g5 29.
Nxc6 Rd2 30. hxg5 hxg5 31. Be5 Rc2 32. Nd4 Rb2 33. Ra1 Ra2 34. Rc1 Bxc1 35. Nxe6 Bd2 36.
Bd6 Rb2 37. Kf1 Bxb4 38. Bxb4 Rxb4 39. Nxg5 a5 40. Nf3 a4 41. Nd2 a3 0-1

[Event "*** Titled Tuesday Blitz"]
[Site "Chess.com"]
[Date "2020.04.07"]
[Round "4"]
[White "HansCoolNiemann"]
[Black "VSERGUEI"]
[Result "1-0"]
[WhiteElo "2925"]
[BlackElo "2598"]
[TimeControl "180+1"]
[EndTime "13:40:35 PDT"]
[Termination "HansCoolNiemann won on time"]

1. Nf3 d5 2. c4 c6 3. e3 Nf6 4. b3 Bf5 5. Bb2 e6 6. Be2 Nbd7 7. Nh4 Bxb1 8. Rxb1 Bd6 9. Nf3 O-O 10. O-O e5 11. d3 Qe7 12. Nd2 a5 13. Qc2 Rfe8 14.
Rfe1 h6 15. Bf1 Nf8 16. g3 Ne6 17. Bg2 b5 18. Nf3 Ng5 19. Nd2 Ba3 20. Ba1 Bb4 21. Re2 Rad8 22. h4 Ngh7 23. Nf3 Ng4 24. d4 e4 25. Ne5 Nxe5 26. dxe5 Nf8 27. cxb5 cxb5 28. Qc6 Ng6 29. Qxb5 Nxe5 30. Bxe5 Qxe5 31. Rd1 Re6 32. Rc2 Red6 33. a3 Bc3 34. Qc5 Bb2 35. Rb1 Ba1 36.
Qxa5 Qf6 37. Qe1 Be5 38. Rd1 Qe7 39. Qa5 f5 40. Bh3 Qf7 41. Rc7 Qh5 42. Rdc1 Kh8 43. Rc8 Qf3 44. Rxd8+ 1-0

[Event "*** Titled Tuesday Blitz"]
[Site "Chess.com"]
[Date "2020.04.07"]
[Round "4"]
[White "Paralinch"]
[Black "MiroMiljkovic"]
[Result "1-0"]
[WhiteElo "2923"]
[BlackElo "2596"]
[TimeControl "180+1"]
[EndTime "13:40:35 PDT"]
[Termination "Paralinch won by resignation"]

1. e4 c5 2. Nf3 Nc6 3. d4 cxd4 4. Nxd4 Nf6 5. Nc3 e5 6. Ndb5 d6 7. Bg5 a6 8. Na3 b5 9. Nd5 Be7 10.
Bxf6 Bxf6 11. c4 b4 12. Nc2 O-O 13. h4 a5 14. g3 Be6 15. Qd2 Bxd5 16. cxd5 Nd4 17.
Nxd4 exd4 18. Bb5 Qb6 19. Bc6 Ra7 20. O-O a4 21. Rac1 a3 22. b3 d3 23. Rc4 Bc3 24.
Qxd3 Re7 25. Kg2 g6 26. h5 f5 27. hxg6 hxg6 28. exf5 Rxf5 29. Rg4 Kf7 30. Rxg6 Kxg6 31. g4 Re5 32. Bd7 Kf6 33. Bxf5 Qd4 34. Qf3 Kg7 35.
Be6 Qe4 36. Rh1 Qxf3+ 37. Kxf3 Re1 38. Rxe1 Bxe1 39. Ke2 Bc3 40. f4 Bb2 41. Kf3 Bc1 42. g5 Bd2 43. Kg4 Bc1 44. f5 Bd2 45. f6+ Kf8 46.
Kf5 Bc3 47. g6 Bxf6 48. Kxf6 Ke8 1-0

[Event "*** Titled Tuesday Blitz"]
[Site "Chess.com"]
[Date "2020.04.07"]
[Round "4"]
[White "littleozy"]
[Black "GreatDamnedRedSpot"]
[Result "0-1"]
[WhiteElo "2461"]
[BlackElo "2315"]
[TimeControl "180+1"]
[EndTime "13:40:35 PDT"]
[Termination "GreatDamnedRedSpot won on time"]

1. e4 e6 2. d4 d5 3. Nc3 dxe4 4. Nxe4 Bd7 5. Bd3 Bc6 6. Nf3 Nd7 7. O-O Ngf6 8.
Nxf6+ Qxf6 9. c3 Bxf3 10. gxf3 Bd6 11. f4 Bxf4 12. Bxf4 Qxf4 13. Qe2 Nf6 14. Qe3 Nd5 15. Qxf4 Nxf4 16. Be4 O-O-O 17. Rfe1 c6 18. a4 Kc7 19. a5 Rhe8 20. Bc2 Re7 21. Re4 Nd5 22. Rae1 Nf6 23. R4e3 Rd5 24. Rg3 g6 25. Rf3 Ne8 26.
a6 b6 27. Ra1 Rd8 28. b4 Nd6 29. Bb3 Ne4 30. Ra2 f5 31. Bc2 Nf6 0-1

[Event "*** Titled Tuesday Blitz"]
[Site "Chess.com"]
[Date "2020.04.07"]
[Round "4"]
[White "IMRosen"]
[Black "northridgehawk"]
[Result "0-1"]
[WhiteElo "2454"]
[BlackElo "2305"]
[TimeControl "180+1"]
[EndTime "13:40:36 PDT"]
[Termination "northridgehawk won by checkmate"]

1. d4 f5 2. Bf4 Nf6 3. e3 d6 4.
Nf3 g6 5. c4 Bg7 6. Nc3 O-O 7. c5 e6 8. Bc4 Qe7 9. Qb3 h6 10. h4 Nc6 11. cxd6 cxd6 12. Qa3 Rd8 13. Nb5 Ne4 14. Nd2 Nxd2 15. Kxd2 Bf8 16. Rag1 Kh7 17. Kc1 e5 18. Bg5 hxg5 19. hxg5+ Kg7 20. e4 f4 21. g4 Qxg5 22. Qh3 Kf6 23. Nc7 d5 24. exd5 Nxd4 25. Qh8+ Ke7 26. Rh7+ Kd6 27. Nxa8 f3+ 28. Kb1 Bf5+ 29. Ka1 Nc2+ 30. Kb1 Ne1+ 31. gxf5 Qxf5+ 32. Ka1 Nc2+ 33. Kb1 Na3+ 34. Ka1 Qb1+ 35. Rxb1 Nc2# 0-1

[Event "*** Titled Tuesday Blitz"]
[Site "Chess.com"]
[Date "2020.04.07"]
[Round "4"]
[White "hansen"]
[Black "maciek_92"]
[Result "0-1"]
[WhiteElo "3012"]
[BlackElo "2721"]
[TimeControl "180+1"]
[EndTime "13:40:37 PDT"]
[Termination "maciek_92 won on time"]

1. e4 c5 2. Nf3 e6 3. d4 cxd4 4. Nxd4 Nc6 5. Nc3 a6 6. Nxc6 bxc6 7. Bd3 d5 8. O-O Nf6 9. Qe2 Be7 10. Bd2 Qc7 11. Rae1 O-O 12. Kh1 Re8 13. f4 c5 14.
e5 c4 15. exf6 cxd3 16. Qxd3 gxf6 17. f5 Kh8 18. Bh6 Qc4 19. Qh3 e5 20. Qh5 d4 21.
b3 Qxc3 22. Qxf7 Rg8 23. Qxe7 Qc6 24. Rf3 Bb7 25. Ref1 Rg4 26. h3 Rgg8 27. Kh2 Rae8 28. Qf7 Rd8 29. Rg3 Rxg3 30. Kxg3 Rg8+ 31. Kh4 Qe4+ 32. g4 Qc6 0-1

[Event "*** Titled Tuesday Blitz"]
[Site "Chess.com"]
[Date "2020.04.07"]
[Round "4"]
[White "esteban062000"]
[Black "RojonR"]
[Result "0-1"]
[WhiteElo "2129"]
[BlackElo "2393"]
[TimeControl "180+1"]
[EndTime "13:40:37 PDT"]
[Termination "RojonR won by resignation"]

1. Nf3 d5 2. c4 d4 3. b4 c5 4. b5 Nd7 5. g3 b6 6. Bg2 Bb7 7. O-O e5 8. d3 Bd6 9. Nbd2 f5 10. e3 Ngf6 11. exd4 cxd4 12. Re1 O-O 13. a4 Qc7 14. Ba3 Bxa3 15. Rxa3 Rae8 16. a5 Nc5 17.
axb6 axb6 18. Nb3 Nxd3 19. Qxd3 e4 20. Qd1 exf3 21. Rxe8 Rxe8 22. Bxf3 Bxf3 23. Qxf3 Qxc4 24. Ra8 Rxa8 25. Qxa8+ Kf7 26. Nd2 Qxb5 27. Nf3 d3 28. Qb7+ Kg6 29. Nh4+ Kh6 30. Qf3 g6 31. Qf4+ Kg7 32. Qc7+ Qd7 33. Qxd7+ Nxd7 34. Nf3 Nc5 35. Kf1 Kf6 36. Kg1 0-1

[Event "*** Titled Tuesday Blitz"]
[Site "Chess.com"]
[Date "2020.04.07"]
[Round "4"]
[White "Harut-1998"]
[Black "ama18"]
[Result "1-0"]
[WhiteElo "2654"]
[BlackElo "2455"]
[TimeControl "180+1"]
[EndTime "13:40:38 PDT"]
[Termination "Harut-1998 won by resignation"]

1. d4 Nf6 2. c4 e6 3. g3 c5 4. d5 exd5 5. cxd5 g6 6. Bg2 d6 7. Nc3 Bg7 8. Nf3 O-O 9. O-O a6 10. a4 Re8 11. Bf4 Ne4 12. Nxe4 Rxe4 13. Nd2 Rb4 14.
e4 Bxb2 15. Rb1 b5 16. Qc2 Bg7 17. Rxb4 cxb4 18. axb5 axb5 19. Bxd6 Qxd6 20. Qxc8+ Qf8 21. Qb7 Ra2 22. Rc1 Bc3 23. Nb1 Ra1 24. Qxb5 Qd8 25.
Rd1 Rxb1 26. Rxb1 Nd7 27. Rxb4 Bxb4 28. Qxb4 Ne5 29. h3 Qf6 30. f4 Nd3 31. Qc4 Qa1+ 32.
Kh2 Nf2 33. d6 Qd1 34. Qc8+ Kg7 35. d7 h5 36. d8=Q 1-0

[Event "*** Titled Tuesday Blitz"]
[Site "Chess.com"]
[Date "2020.04.07"]
[Round "4"]
[White "Storne89"]
[Black "Shivagami"]
[Result "1-0"]
[WhiteElo "2612"]
[BlackElo "2169"]
[TimeControl "180+1"]
[EndTime "13:40:38 PDT"]
[Termination "Storne89 won by resignation"]

1. e4 e5 2. Nf3 Nc6 3. Bc4 Nf6 4. d3 Be7 5. a4 O-O 6. O-O d5 7. exd5 Nxd5 8. c3 Be6 9. Re1 Qd6 10. Nbd2 f5 11.
Bb5 Bf6 12. Nc4 Qc5 13. Bxc6 bxc6 14. Ncxe5 Rad8 15. d4 Qb6 16. a5 Qb7 17. Qa4 Ne7 18.
Nxc6 Bb3 19. Nxe7+ Bxe7 20. a6 Qb8 21. Qa5 Bd6 22.
Bg5 Rde8 23. Ne5 Bxe5 24. dxe5 h6 25. Be3 Re6 26. Qc5 Bc4 27. Qxa7 Qxb2 28. Qb7 Qxc3 29. a7 f4 30. a8=Q Rxa8 31. Qxa8+ Kh7 32. Qe4+ 1-0

[Event "*** Titled Tuesday Blitz"]
[Site "Chess.com"]
[Date "2020.04.07"]
[Round "4"]
[White "poummba"]
[Black "powermove"]
[Result "1/2-1/2"]
[WhiteElo "2485"]
[BlackElo "1470"]
[TimeControl "180+1"]
[EndTime "13:40:38 PDT"]
[Termination "Game drawn by repetition"]

1. e4 e5 2. Nf3 Nc6 3. Bb5 a6 4. Ba4 Nf6 5. d3 b5 6. Bb3 Bc5 7. O-O d6 8. Be3 Ba7 9. Nc3 O-O 10. h3 Be6 11. Bxa7 Rxa7 12. d4 Bxb3 13. axb3 Ra8 14. dxe5 dxe5 15. Qe2 Nd4 16. Nxd4 Qxd4 17. Rfd1 Qb4 18.
Nd5 Nxd5 19. Rxd5 f6 20. Qg4 Rf7 21. f3 c6 22. Rd7 Qc5+ 23. Kh2 Qe3 24. Rxf7 Kxf7 25.
Qd7+ Kg6 26. Qxc6 Rd8 27. Rxa6 Qf4+ 28. Kg1 Rd1+ 29. Kf2 Rd2+ 30. Kf1 Rd1+ 31. Kf2 Qd2+ 32. Kg3 Qe1+ 33. Kh2 Qg1+ 34. Kg3 Qe1+ 35. Kh2 Qh1+ 36. Kg3 Qe1+ 1/2-1/2

[Event "*** Titled Tuesday Blitz"]
[Site "Chess.com"]
[Date "2020.04.07"]
[Round "4"]
[White "norwaytoadog"]
[Black "serhanberat_ozdemir"]
[Result "0-1"]
[WhiteElo "2278"]
[BlackElo "2469"]
[TimeControl "180+1"]
[EndTime "13:40:38 PDT"]
[Termination "serhanberat_ozdemir won on time"]

1. e4 c5 2. Nf3 e6 3. d4 cxd4 4. Nxd4 a6 5. c4 Nf6 6. Nc3 Qc7 7. Be2 Bb4 8. Nc2 Bxc3+ 9. bxc3 Nxe4 10. Qd4 Nf6 11.
Bf4 Qa5 12. Bd6 Nc6 13. Qe3 Ne7 14. g4 Ned5 15. cxd5 Qxd5 16. Ba3 Qxh1+ 17. Kd2 Qe4 18.
Qb6 h6 19. Ne3 Qa4 20. Bb4 Qc6 21. Qd4 d5 22. c4 Qa4 23. cxd5 a5 24. dxe6 Bxe6 25.
Bc3 Qxd4+ 26. Bxd4 Rd8 27. Bb5+ Kf8 28. Kc3 Ne4+ 29. Kd3 Nc5+ 30. Kc3 Ne4+ 31. Kd3 Nd6 32. a4 Nxb5 33. axb5 f6 34. Rxa5 Kf7 35. Ra7 Rd7 0-1

[Event "*** Titled Tuesday Blitz"]
[Site "Chess.com"]
[Date "2020.04.07"]
[Round "4"]
[White "chiwii"]
[Black "Vegan4future"]
[Result "1-0"]
[WhiteElo "2253"]
[BlackElo "2502"]
[TimeControl "180+1"]
[EndTime "13:40:39 PDT"]
[Termination "chiwii won by checkmate"]

1. e4 e5 2. Nf3 d6 3. d4 exd4 4. Nxd4 Nf6 5. Nc3 Be7 6. Be2 O-O 7. Be3 Re8 8. O-O Bf8 9. Bf3 Nbd7 10. Re1 Ne5 11.
Be2 Neg4 12. Bf4 Nxf2 13. Kxf2 Nxe4+ 14. Nxe4 Rxe4 15. Bg3 Qf6+ 16. Nf3 Qxb2 17. Bd3 Rxe1 18. Qxe1 Be6 19. Rb1 Qxa2 20. Rxb7 c5 21. Ng5 Qd5 22. Qe4 Qxe4 23. Bxe4 d5 24. Bxh7+ Kh8 25. Bd3 c4 26.
Be2 Bc5+ 27. Ke1 a5 28. Nxf7+ Kg8 29. Ng5 Bf5 30. Be5 a4 31. Rxg7+ Kf8 32. Ne6+ Bxe6 33. Rc7 Bb4+ 34. c3 Be7 35. Rc6 Bf7 36. Rh6 a3 37.
Rh8+ Bg8 38. Bg4 Ra6 39. Bf3 a2 40. Bxd5 a1=Q+ 41. Kf2 Ra2+ 42. Kg3 Qe1+ 43. Kh3 Qxe5 44. Rxg8# 1-0